 Dungeon Crawl Stone Soup version 0.28-a0-589-g333b8329f1 (webtiles) character file.

Game seed: 12643998217216175912

25 jasper the Slasher (level 2, -1/24 HPs)
             Began as a Demonspawn Cinder Acolyte on Oct 3, 2021.
             Was a High Priest of Ignis.
             Succumbed to an adder's poison
             ... on level 2 of the Dungeon.
             The game lasted 00:01:53 (979 turns).

jasper the Slasher (Demonspawn Cinder Acolyte)       Turns: 979, Time: 00:01:53

Health: -1/24      AC:  2    Str: 14    XL:     2   Next: 86%
Magic:  3/3        EV: 11    Int: 15    God:    Ignis [*****.]
Gold:   0          SH:  0    Dex:  8    Spells: 3/3 levels left

rFire   + . .      SeeInvis .   a - -1 falchion (flame)
rCold   . . .      Faith    .   (no shield)
rNeg    . . .      Spirit   .   b - +0 robe
rPois   .          Reflect  .   (no helmet)
rElec   .          Harm     .   (no cloak)
rCorr   .          Rampage  .   (no gloves)
Will    .....                   (no boots)
Stlth   +.........              (no amulet)
HPRegen 0.08/turn               (no ring)
MPRegen 0.08/turn               (no ring)

@: lethally poisoned (-1 -> -10), invisible
A: powered by death 1
a: Renounce Religion, Sea of Fire, Foxfire Swarm, Rising Flame


You were on level 2 of the Dungeon.
You worshipped Ignis.
Ignis was extremely pleased with you.
You visited 1 branch of the dungeon, and saw 2 of its levels.

Inventory:

Hand Weapons
 a - a -1 falchion of flaming (weapon)
 g - a +0 dagger of draining
Missiles
 h - 21 stones (quivered)
Armour
 b - a +0 robe (worn)
Potions
 d - a potion of brilliance {unknown}
 f - a potion of might {unknown}


   Skills:
 - Level 3.0 Fighting
 + Level 3.7 Long Blades
 - Level 1.0 Spellcasting
 - Level 2.6 Fire Magic


You had 3 spell levels left.
You didn't know any spells.
Your spell library contained the following spells:

 Spells                   Type           Power      Damage    Failure   Level
 Scorch                   Fire           16%        2d6       12%         2


Dungeon Overview and Level Annotations

Branches:
Dungeon (2/15)

Altars:


Innate Abilities, Weirdness & Mutations

You regenerate a little health from kills.


Message History

Found 16 stones.
h - 5 stones (gained 1)
h - 21 stones (gained 16)
An adder comes into view.
The adder hisses angrily.
The adder moves out of view.
The adder bites you.
You are poisoned.
The adder poisons you!
You take 2 damage, and have 22/24 hp.
You closely miss the adder.
You feel sick. The adder closely misses you.
You take 2 damage, and have 20/24 hp.
You hit the adder but do no damage.
You feel sick. The adder bites you.
You take 4 damage, and have 16/24 hp.
You hit the adder. You burn the adder.
The adder is moderately wounded.
You feel sick. The adder bites you. x2
You take 7 damage, and have 9/24 hp.
MASSIVE DAMAGE!!
You miss the adder.
The adder is moderately wounded.
You feel sick. The adder closely misses you.
You take 1 damage, and have 8/24 hp.
You hit the adder. You burn the adder.
The adder is severely wounded.
You feel sick. The adder bites you.
* * * LOW HITPOINT WARNING * * *
You are more poisoned.
The adder poisons you! The adder bites you.
* * * LOW HITPOINT WARNING * * *
You are more poisoned.
The adder poisons you!
You take 4 damage, and have 4/24 hp.
Flames leap up around you!
* * * LOW HITPOINT WARNING * * *
You feel very sick. The adder bites you but does no damage.
You take 3 damage, and have 1/24 hp.
It was a potion of invisibility.
You fade into invisibility!
You die...

######### #######
#.......# .......
#.....†.. .....vv
#......†#
.....vv###
#####.......#
.....vS@v#
#...(...#.###
.....v##v#
#.......#.#
####.###v#
#........[#
#.....###.......###
#.###.....<.....#
#.###.......# #.#
#.......# #.#
######### #.#


You could see an adder (ally target).

Vanquished Creatures
  2 ball pythons
  2 bats (D:1)
  6 endoplasms (D:1)
  A giant cockroach (D:1)
  3 goblins (D:1)
  2 hobgoblins (D:1)
  4 kobolds (D:1)
  2 frilled lizards
  2 rats (D:1)
24 creatures vanquished.

Vanquished Creatures (others)
  3 foxfires (D:1)
3 creatures vanquished.

Grand Total: 27 creatures vanquished

Notes
Turn   | Place    | Note
-------+----------+-------------------------------------------
     0 | D:1      | jasper the Demonspawn Cinder Acolyte began the quest for
                  | the Orb.
     0 | D:1      | Reached XP level 1. HP: 18/18 MP: 2/2
   175 | D:1      | Gained mutation: You regenerate a little health from kills.
                  | [demonic ancestry]
   175 | D:1      | Reached XP level 2. HP: 7/24 MP: 3/3
   536 | D:1      | Found a faded altar of an unknown god.
   978 | D:2      | HP: 1/24 [poisoned by an adder]
   979 | D:2      | Succumbed to an adder's poison

Illustrated notes

Levels and vault maps discovered:
D:1:      saegor_arrival_simple_c, layout_rooms,
          shapermc_ecumenical_altar_starsandcircs, minmay_misc_feat_alley
D:2:      layout_basic

Skill      XL: |  1 |
---------------+----+-----
Long Blades    | 3 |  3.7
Fighting       | |  3.0
Spellcasting   | |  1.0
Fire Magic     | |  2.6

Action                   || total
-------------------------++-------
Melee: Falchion          ||    61
Throw: Stone             ||     7
Invok: Foxfire Swarm     ||     2
  Use: Scroll            ||     2
       Potion            ||     1
Armor: Robe              ||    12
Dodge: Dodged            ||    47

Table legend: (Time is in decaauts)
 A = Elapsed time spent in this place.
 B = Non-inter-level travel time spent in this place.
 C = Inter-level travel time spent in this place.
 D = Time resting spent in this place.
 E = Time spent auto-exploring this place.
 F = Levels seen in this place.
 G = Mean time per level.
                   A        B        C        D        E       F      G
               +--------+--------+--------+--------+--------+-----+--------+
         Total |    988 |    983 |      5 |      8 |    749 |   2 |  494.0 |
       Dungeon |    988 |    983 |      5 |      8 |    749 |   2 |  494.0 |
               +--------+--------+--------+--------+--------+-----+--------+

Top non-repeatable levels by time:
     D:1: 903 daAuts
     D:2: 84 daAuts
